 Dungeon Crawl Stone Soup version 0.32-a0-765-gfba4d74c8c (webtiles) character file.

Game seed: 7348546466112763694

158 GeoRichter the Slasher (level 5, -4/38 HPs)
             Began as a Coglin Warper on Mar 18, 2024.
             Was a Follower of Yredelemnul.
             Slain by terter's ghost (12 damage)
             ... on level 3 of the Dungeon.
             The game lasted 00:04:47 (2599 turns).

GeoRichter the Slasher (Coglin Warper)              Turns: 2599, Time: 00:04:48

Health: -4/38      AC:  7    Str: 11    XL:     5   Next: 40%
Magic:  5/7        EV: 10    Int: 13    God:    Yredelemnul [*.....]
Gold:   136        SH:  0    Dex: 15    Spells: 7/7 levels left

rFire   . . .        a - +0 falchion {Katrin}
rCold   . . .        o - +2 dagger (speed) {Annika}
rNeg    . . .        b - +0 leather armour
rPois   .            q - +2 hat
rElec   .            (no cloak)
rCorr   .            f - +1 pair of gloves
SInv    .            (no boots)
Will    .....        (amulet unavailable)
Stlth   +            (ring unavailable)
HPRegen 0.26/turn    (ring unavailable)
MPRegen 0.10/turn    (no gizmo)

%: no passive effects
@: wreathed by umbra, invisible, revving
A: off-hand wielding, slow wielding, warmup strikes, no jewellery
a: Invent Gizmo, Renounce Religion, Light the Black Torch, Recall Undead Harvest


You were on level 3 of the Dungeon.
You worshipped Yredelemnul.
Yredelemnul was noncommittal.
You visited 1 branch of the dungeon, and saw 3 of its levels.

You collected 136 gold pieces.

Inventory:

Hand Weapons
 a - a +0 falchion (weapon) {Katrin}
 o - a +2 dagger of speed (offhand) {Annika}
   (You took it off a kobold on level 2 of the Dungeon)
Missiles
 d - 7 darts of dispersal (quivered) {!f}
 m - 2 poisoned darts
Armour
 b - a +0 leather armour (worn)
 f - a +1 pair of gloves (worn)
   (You found it on level 1 of the Dungeon)
 q - a +2 hat (worn)
   (You found it on level 3 of the Dungeon)
Scrolls
 c - 5 scrolls of blinking
 g - a scroll of revelation {unknown}
 h - a scroll of enchant armour
 l - a scroll of enchant weapon {unknown}
 p - a scroll of poison {unknown}
Potions
 e - a potion of might {unknown}
 j - a potion of attraction {unknown}
 k - 2 potions of enlightenment
 n - a potion of brilliance {unknown}
 r - 2 potions of magic {unknown}


   Skills:
 - Level 2.0 Fighting
 * Level 5.4 Long Blades
 - Level 0.8 Throwing
 - Level 0.8 Armour
 - Level 1.7 Dodging
 - Level 1.7 Spellcasting
 - Level 3.0 Translocations


You had 7 spell levels left.
You didn't know any spells.
Your spell library contained the following spells:

 Spells                   Type           Power      Damage    Failure   Level
 Blink                    Tloc           16%        N/A       16%         2
 Lesser Beckoning         Tloc           16%        N/A       16%         2
 Teleport Other           Tloc           8%         N/A       30%         3
 Magic Dart               Conj           4%         1d3       34%         1
 Call Imp                 Summ           2%         N/A       45%         2
 Manifold Assault         Tloc           8%         N/A       69%         4
 Vhi's Electric Charge    Tloc/Air       10%        N/A       88%         4


Dungeon Overview and Level Annotations

Branches:
Dungeon (3/15) Zot: 15409

Altars:
Kikubaaqudgha
Yredelemnul

Annotations:
D:3 1 transporter, terter's ghost, amateur DECj


Innate Abilities, Weirdness & Mutations

You can wield a second weapon in your off-hand.
It takes a long time for you to wield or remove held weapons.
Your first few attacks do less damage.
You cannot equip rings or amulets.


Message History

The quasit claws your adder zombie.
Your rat zombie barely misses the quasit.
Something completely misses your adder zombie.
Something barely misses your adder zombie.
Something closely misses your adder zombie.
Your adder zombie closely misses the quasit.
Terter's ghost hits you.
The quasit barely misses your adder zombie.
The quasit claws your adder zombie. x2
Something closely misses your adder zombie.
Something claws your adder zombie.
Something barely misses your adder zombie.
Your rat zombie completely misses the quasit.
Terter's ghost says very slowly, "There's no hope."
You hit terter's ghost with your +0 falchion.
Terter's ghost is moderately damaged.
You hit terter's ghost with your +2 dagger of speed.
The quasit bites your adder zombie.
The quasit barely misses your adder zombie. x2
Something barely misses your adder zombie. x2
Something misses your adder zombie.
Your rat zombie bites the quasit but does no damage.
The quasit bites your adder zombie.
The quasit barely misses your adder zombie. x2
You hit terter's ghost with your +0 falchion.
Terter's ghost is heavily damaged.
You hit terter's ghost with your +2 dagger of speed.
Something closely misses your adder zombie.
Something misses your adder zombie.
Something closely misses your adder zombie.
Terter's ghost hits you!
The quasit closely misses your adder zombie.
The quasit claws your adder zombie. x2
Something misses your adder zombie. Something claws your adder zombie.
Something barely misses your adder zombie.
You hit terter's ghost but do no damage.
Terter's ghost is heavily damaged.
You hit terter's ghost with your +0 falchion.
Terter's ghost hits you.
You are electrocuted!
* * * LOW HITPOINT WARNING * * *
Your rat zombie barely misses the quasit.
The quasit misses your adder zombie. The quasit claws your adder zombie.
Your adder zombie is destroyed!
You fade into invisibility!
Your frilled lizard zombie closely misses the quasit.
Terter's ghost hits you!
You die...
Your body rises from the dead as a mindless zombie.

).............#.........#.#...ZZ#
.......####..Z.Z....#####.Z#.####
###...)####...#####...########Z#.
............###.©.###|.##.#)ZZZ.#
#......<....#..(...!##.##..#.####
###.......ZZ#...#.#[.#..#.####...
#...####.#ZZ#...#.#..#..#....#...
#..## #.#Z##.#.....##...........
#..# #.#Z#.#.W@#..#.......##...
#### #.#.#...#Z55%#©.......#...
#.#Z##...ZZ#$#.....##.....
#...©#.#..Z#.##..#####..##
###Z##..##.#. #..###......
#Z#...#...#.#.###..###..
#Z##....#..##..#........
#.Z##......#............
##..#####.##...........#


You could see 2 quasits, terter's ghost (unable to see you), a friendly frilled
lizard zombie, a friendly rat zombie, a friendly quokka zombie and a friendly
endoplasm zombie.

Vanquished Creatures
  5 adders
  4 ribbon worms
  A dart slug (D:1)
  3 ball pythons
  4 bats
  5 endoplasms
  7 giant cockroaches
  4 goblins
  8 hobgoblins
  10 jackals (D:1)
  9 quokkas
  4 frilled lizards
  8 kobolds
  3 rats
75 creatures vanquished.

Vanquished Creatures (collateral kills)
  An adder (D:3)
  A bat (D:3)
  A goblin (D:2)
  A frilled lizard (D:3)
  2 rats (D:3)
6 creatures vanquished.

Vanquished Creatures (others)
  An adder zombie (D:3)
  2 bat zombies (D:3)
  A giant cockroach zombie (D:3)
4 creatures vanquished.

Grand Total: 85 creatures vanquished

Notes
Turn   | Place    | Note
-------+----------+-------------------------------------------
     0 | D:1      | GeoRichter the Coglin Warper began the quest for the Orb.
     0 | D:1      | Reached XP level 1. HP: 16/16 MP: 3/3
   118 | D:1      | Reached XP level 2. HP: 22/22 MP: 4/4
   173 | D:1      | Reached skill level 3 in Long Blades
   369 | D:1      | Reached XP level 3. HP: 10/27 MP: 5/5
   465 | D:1      | Found a faded altar of an unknown god.
   906 | D:2      | Reached skill level 4 in Long Blades
   975 | D:2      | Reached XP level 4. HP: 30/33 MP: 6/6
  1140 | D:2      | Found a basalt altar of Yredelemnul.
  1196 | D:2      | Became a worshipper of Yredelemnul the Fallen
  1400 | D:2      | Found an ancient bone altar of Kikubaaqudgha.
  1711 | D:2      | Reached * piety under Yredelemnul
  2133 | D:3      | Reached skill level 5 in Long Blades
  2144 | D:3      | Reached XP level 5. HP: 34/38 MP: 7/7
  2172 | D:3      | Noticed terter's ghost (amateur DECj)
  2193 | D:3      | Found a transporter.
  2242 | D:3      | Found a transporter.
  2599 | D:3      | Slain by terter's ghost

Illustrated notes

Levels and vault maps discovered:
D:1:      dpeg_arrival_arbitrary_b, layout_basic, ebering_ecumenical_altar_rust,
          minmay_heptomino_d4
D:2:      wad_woods_stonehenge, layout_basic, basic_altar
D:3:      minmay_angry_zag, layout_rooms, gammafunk_ghost_stat_death

Skill      XL: |  1  2  3  4 |
---------------+-------------+-----
Long Blades    | 3 4 5 |  5.4
Fighting       | |  2.0
Throwing       | |  0.8
Armour         | |  0.8
Dodging        | |  1.7
Spellcasting   | |  1.7
Translocations | |  3.0

Action                     |  1- 3 |  4- 6 || total
---------------------------+-------+-------++-------
  Melee: Falchion          |    98 |    97 ||   195
         Dagger            |    88 |    87 ||   175
 Invoke: Light the Black T |       |     2 ||     2
         Recall Undead Har |       |     1 ||     1
    Use: Scroll            |     2 |     2 ||     4
         Potion            |       |     1 ||     1
   Stab: Sleeping          |     1 |     1 ||     2
         Distracted        |       |     1 ||     1
 Armour: Leather armour    |    57 |    47 ||   104
  Dodge: Dodged            |    50 |    48 ||    98

Table legend: (Time is in decaauts)
 A = Elapsed time spent in this place.
 B = Non-inter-level travel time spent in this place.
 C = Inter-level travel time spent in this place.
 D = Time resting spent in this place.
 E = Time spent auto-exploring this place.
 F = Levels seen in this place.
 G = Mean time per level.
                   A        B        C        D        E       F      G
               +--------+--------+--------+--------+--------+-----+--------+
         Total |   2589 |   2430 |    159 |     76 |   1770 |   3 |  863.0 |
       Dungeon |   2589 |   2430 |    159 |     76 |   1770 |   3 |  863.0 |
               +--------+--------+--------+--------+--------+-----+--------+

Top non-repeatable levels by time:
     D:2: 1191 daAuts
     D:1: 901 daAuts
     D:3: 496 daAuts
